 Dungeon Sprint DCSS version 0.20-a0-1117-g62da73f (webtiles) character file.

681090 potatolord6000 the Dwarven Barricade (level 21, -27/244 HPs)
             Began as a Deep Dwarf Fighter on May 9, 2017.
             Was an Initiate of Gozag.
             Killed from afar by a Brimstone Fiend (32 damage)
             ... with damnation
             ... summoned by Asmodeus
             ... in the Dungeon (Sprint IX: "|||||||||||||||||||||||||||||").
             The game lasted 01:09:20 (7644 turns).

potatolord6000 the Dwarven Barricade (DDFi)         Turns: 7644, Time: 01:09:23

Health: -27/244    AC: 47    Str: 38      XL:     21   Next: 96%
Magic:  0/0        EV: 39    Int: 13 (14) God:    Gozag
Gold:   364        SH: 47    Dex: 27      Spells: 63/63 levels left

rFire    + . .     SeeInvis +   q - +9 war axe (freeze)
rCold    + + +     Gourm    .   b - +8 large shield
rNeg     + . .     Faith    .   A - +6 plate armour {ponderous}
rPois    +         Spirit   .   u - +0 mask of the Dragon {MR+ Slay+3 SInv}
rElec    +         Reflect  +   a - +2 cloak
rCorr    +         Harm     .   h - +2 pair of gloves {Dex+3}
MR       ++++.     Rnd*Rage +   c - +2 pair of boots {run} Stlth +++.......NoTele +
                                r - brooch of Shielding {Reflect SH+8}
Regen    0.0/turn               s - ring "Meakkall" {*Slow rC+++ Str+8 Int-3 Dex+5}
MPRegen  0.1/turn               E - +5 ring of protection

@: mighty, brilliant, agile, resistant, non-regenerating, hasted (expiring),
very quick
A: damage resistance, heal wounds, thin metallic scales 1, agile 1, berserk 1,
deterioration 1, negative energy resistance 1, sense surroundings 3, screaming
2, weak 1, MP-powered wands, no regeneration
0: Orb of Zot
}: 13/15 runes: decaying, serpentine, barnacled, slimy, elven, silver, golden,
iron, icy, abyssal, glowing, dark, gossamer
a: Heal Wounds, Potion Petition, Call Merchant, Bribe Branch, Renounce Religion


You were in the Dungeon.
You worshipped Gozag.
Gozag was aware of your devotion.
You were completely stuffed.

You visited 1 branch You collected 53840 gold pieces.
You spent 7634 gold pieces at shops.
You paid 45842 gold pieces to Gozag.

Inventory:

Hand Weapons
 q - a +9 war axe of freezing (weapon)
Armour
 a - a +2 cloak (worn)
 b - a +8 large shield (worn)
 c - a +2 pair of boots of running (worn)
 h - a +2 pair of gloves of dexterity (worn)
 u - the +0 mask of the Dragon (worn) {MR+ Slay+3 SInv}
   (You bought it in a shop in the Dungeon)

   It affects your accuracy and damage with ranged weapons and melee attacks
   (+3).
   It affects your resistance to hostile enchantments.
   It lets you see invisible.
 A - a +6 plate armour of ponderousness (worn)
Jewellery
 r - the brooch of Shielding (around neck) {Reflect SH+8}
   (You found it in the Dungeon)

   [amulet of reflection]

   It shields you and reflects attacks.
   It affects your SH (+8).
 s - the ring "Meakkall" (left hand) {*Slow rC+++ Str+8 Int-3 Dex+5}
   (You bought it in a shop in the Dungeon)

   [ring of dexterity]

   It affects your strength (+8).
   It affects your intelligence (-3).
   It affects your dexterity (+5).
   It renders you almost immune to cold.
   It may slow you when you take damage.
 E - a +5 ring of protection (right hand)
Wands
 o - a wand of iceblast (7/15)
Scrolls
 k - 4 scrolls of blinking
 m - 6 scrolls of remove curse
 n - 2 scrolls of amnesia
 t - 3 scrolls of recharging
 w - a scroll of fog
 y - 4 scrolls of fear
 J - 5 scrolls of enchant weapon
Potions
 i - 4 potions of magic
 j - 2 potions of berserk rage
 l - a potion of invisibility
 p - a potion of brilliance
 z - a potion of flight {unknown}
 B - 6 potions of haste
 C - 3 potions of agility
Books
 v - a book of Callings

   Spells                             Type                      Level
   a - Summon Small Mammal            Summoning                    1
   b - Call Imp                       Summoning                    2
   c - Call Canine Familiar           Summoning                    3
   d - Summon Guardian Golem          Hexes/Summoning              3
   e - Summon Lightning Spire         Summoning/Air                4
   f - Summon Ice Beast               Ice/Summoning                4
 F - a book of Unlife

   Spells                             Type                      Level
   a - Recall                         Summoning/Translocation      3
   b - Animate Dead                   Necromancy                   4
   c - Control Undead                 Necromancy                   4
   d - Cigotuvi's Embrace             Necromancy                   5
   e - Death Channel                  Necromancy                   6
   f - Simulacrum                     Ice/Necromancy               6
 G - a book of Minor Magic

   Spells                             Type                      Level
   a - Magic Dart                     Conjuration                  1
   b - Blink                          Translocation                2
   c - Call Imp                       Summoning                    2
   d - Slow                           Hexes                        2
   e - Conjure Flame                  Conjuration/Fire             3
   f - Mephitic Cloud                 Conjuration/Poison/Air       3
 I - the Grimoire of the Destructive Glacier
   (You found it in the Dungeon)

   Spells                             Type                      Level
   a - Freeze                         Ice                          1
   b - Searing Ray                    Conjuration                  2
   c - Static Discharge               Conjuration/Air              3
   d - Iskenderun's Mystic Blast      Conjuration                  4
   e - Bolt of Magma                  Conjuration/Fire/Earth       5
Comestibles
 f - 13 bread rations
 g - 43 fruits
 x - 5 meat rations


   Skills:
 O Level 27 Fighting
 O Level 27 Axes
 O Level 27 Throwing
 O Level 27 Armour
 + Level 26.7 Dodging
 O Level 27 Stealth
 O Level 27 Shields
 O Level 27 Unarmed Combat
 + Level 21.7 Spellcasting
 O Level 27 Evocations


You had 63 spell levels left.
You didn't know any spells.

Dungeon Overview and Level Annotations

Branches:
Dungeon (1/1)

Altars:
Cheibriados
Dithmenos
Elyvilon
Fedhas
Gozag
Hepliaklqana
Kikubaaqudgha
Makhleb
Nemelex Xobeh
Okawaru
Qazlal
Ru
Sif Muna
Trog
Uskayaw
Vehumet
Wu Jian
Xom
Yredelemnul
Zin
The Shining One
Beogh
Jiyva
Lugonu

Shops:
D ?(!!=!(*[??=[[[:[}%[[

Annotations:
D Asmodeus, Cerebov


Innate Abilities, Weirdness & Mutations

You are resistant to damage.
You can heal yourself by infusing magical energy.
You resist negative energy. (rN+)
You passively map a large area around you.
You do not regenerate.
You are partially covered in thin metallic scales. (AC +2)
You are agile. (Dex +2)
You tend to lose your temper in combat.
Your body sometimes deteriorates upon taking damage.
You sometimes yell uncontrollably at your foes.
You are weak. (Str -2)
You expend magic power (3 MP) to strengthen your wands.


Message History

You slice Cerebov!! You freeze Cerebov.
Cerebov is severely wounded.
Cerebov hits you but does no damage. The balrug gestures at you.
Something smites you!
* * * LOW HITPOINT WARNING * * *
You completely miss Cerebov.
Cerebov is severely wounded.
You slash Cerebov! You freeze Cerebov.
Cerebov is severely wounded.
You block Cerebov's attack.
You slash Cerebov! You freeze Cerebov.
Cerebov is severely wounded.
You hit Cerebov but do no damage.
Cerebov is severely wounded.
The Brimstone Fiend gestures at you.
The sphere of damnation explodes!
The damnation engulfs Cerebov.
Cerebov completely resists.
The damnation engulfs you!
You die...
Your body crumbles into a pile of gold.

▓.▓.▓.▓.▓.▓.▓.▓.▓'
▓.▓.▓.▓.▓.▓.▓.▓.▓.
▓.▓.▓.▓.▓.▓.▓.▓.▓.
▓.▓.▓.▓.▓.▓.▓.▓.▓)
▓.▓.▓.▓.▓.▓.▓.▓.▓.
▓φ▓.▓.▓.▓.▓.▓.▓.▓∩
▓.▓.▓.▓.▓.▓.▓.▓.▓)
▓.▓.▓.▓.▓.▓.▓.▓.▓[
▓@▓.▓'▓.▓.▓.▓.▓.▓)
▓&▓.▓.▓.▓'▓.▓.▓.▓.
▓1▓.▓.▓.▓.▓.▓.▓.▓'
▓&▓)▓.▓.▓.▓.▓.▓.▓.
▓2▓.▓.▓.▓.▓.▓'▓.▓.
▓2▓.▓.▓.▓.▓.▓.▓.▓.
▓2▓...▓...▓...▓...
▓▓▓▓▓▓▓▓▓▓▓▓▓▓▓▓▓▓


You could see Cerebov, Asmodeus, a Brimstone Fiend and 3 balrugs.

Vanquished Creatures
  2 pandemonium lords (D)
  Antaeus (D)
  Ereshkigal (D)
  the Royal Jelly (D)
  Gloorx Vloq (D)
  Mnoleg (D)
  Lom Lobon (D)
  3 ancient liches (D)
  Dispater (D)
  3 orbs of fire (D)
  Mennas (D)
  Mara (D)
  Boris (D)
  Sojobo (D)
  6 greater mummies (D)
  Geryon (D)
  Saint Roka (D)
  A curse toe (D)
  Nikola (D)
  Xtahua (D)
  Jory (D)
  2 golden dragons (D)
  A bone dragon (D)
  Rupert (D)
  2 electric golems (D)
  3 tentacled monstrosities (D)
  A Hell Sentinel (D)
  2 liches (D)
  21 Orb Guardians (D)
  An Ice Fiend (D)
  3 deep elf master archers (D)
  3 deep elf blademasters (D)
  5 acid blobs (D)
  5 death cobs (D)
  2 quicksilver dragons (D)
  12 sphinxes (D)
  4 storm dragons (D)
  4 tengu reavers (D)
  6 shadow dragons (D)
  Donald (D)
  Frances (D)
  Ilsuiw (D)
  5 nagarajas (D)
  7 azure jellies (D)
  A draconian knight (D)
  A frost giant (D)
  A draconian scorcher (D)
  4 vault wardens (D)
  A warmonger (D)
  A ghost moth (D)
  3 deep elf sorcerers (D)
  2 balrugs (D)
  4 emperor scorpions (D)
  4 ironheart preservers (D)
  2 draconian stormcallers (D)
  2 draconian annihilators (D)
  A very ugly thing (D)
  A blood saint (D)
  5 black draconians (D)
  3 stone giants (D)
  2 green draconians (D)
  10 vampire knights (D)
  Azrael (D)
  2 white draconians (D)
  2 deep elf annihilators (D)
  3 purple draconians (D)
  3 yellow draconians (D)
  3 spark wasps (D)
  2 deep elf death magi (D)
  3 fire dragons (D)
  2 merfolk javelineers (D)
  5 merfolk impalers (D)
  3 ettins (D)
  3 mummy priests (D)
  A deep elf high priest (D)
  7 death oozes (D)
  3 great orbs of eyes (D)
  2 yaktaur captains (D)
  25 vault guards (D)
  6 hydras (D)
  2 naga warriors (D)
  3 ice dragons (D)
  5 merfolk aquamancers (D)
  A spriggan air mage (D)
  A death knight (D)
  A centaur warrior (D)
  A ghost crab (D)
  2 alligators (D)
  2 deep troll shamans (D)
  3 two-headed ogres (D)
  2 tengu warriors (D)
  A deep troll earth mage (D)
  A hell hog (D)
  An orc high priest (D)
  A thrashing horror (D)
  A vampire mage (D)
  4 large abominations (D)
  A shock serpent (D)
  2 soul eaters (D)
  Sonja (D)
  A naga sharpshooter (D)
  A deep elf knight (D)
  3 sun demons (D)
  A shadow wraith (D)
  Nergalle (D)
  A sixfirhy (D)
  A glowing orange brain (D)
  8 swamp dragons (D)
  A torturous demonspawn (D)
  2 unseen horrors (D)
  2 sea snakes (D)
  A wizard (D)
  An infernal demonspawn (D)
  7 ironbrand convokers (D)
  2 phantasmal warriors (D)
  4 lindwurms (D)
  A harpy (D)
  5 orc knights (D)
  A manticore (D)
  A salamander (shapeshifter) (D)
  A necromancer (D)
  8 orc sorcerers (D)
  6 wolf spiders (D)
  4 slime creatures (D)
  10 moths of wrath (D)
  An ugly thing (D)
  A vault sentinel (D)
  4 black mambas (D)
  4 orange demons (D)
  4 guardian serpents (D)
  4 naga magi (D)
  2 smoke demons (D)
  A torpor snail (D)
  2 spiny frogs (D)
  A kobold demonologist (D)
  2 freezing wraiths (D)
  A komodo dragon (D)
  4 demonic crawlers (D)
  19 guardian mummies (D)
  2 tengu conjurers (D)
  2 yaktaurs (D)
  5 merfolk (D)
  4 hellwings (D)
  A wandering mushroom (D)
  4 tyrant leeches (D)
  A red devil (D)
  2 hornets (D)
  A jumping spider (D)
  A bog body (D)
  2 hippogriffs (D)
  A dream sheep (shapeshifter) (D)
  4 redbacks (D)
  A shadow (D)
  2 ynoxinuls (D)
  12 spriggans (D)
  A tarantella (D)
  A basilisk (D)
  4 fire elementals (D)
  3 yaks (D)
  2 golden eyes (D)
  A vampire mosquito (D)
  A naga (D)
  An acid dragon (D)
  A hell hound (D)
  3 water moccasins (D)
  2 floating eyes (D)
  15 orc warriors (D)
  A sky beast (D)
  A centaur (D)
  2 ogres (D)
  3 crocodiles (D)
  A bullfrog (D)
  A hound (D)
  13 orc wizards (D)
  An orc priest (D)
  3 small abominations (D)
  An adder (D)
  A shadow imp (D)
  A worm (D)
  An adder zombie (D)
  2 ball lightnings (D)
  A dart slug (D)
  8 orcs (D)
  2 bat skeletons (D)
  3 bat zombies (D)
  2 goblins (D)
  A hobgoblin (D)
  A giant cockroach simulacrum (D)
  A rat (D)
539 creatures vanquished.

Vanquished Creatures (others)
  An ancient lich (D)
  A Killer Klown (D)
  3 golden dragons (D)
  4 electric golems (D)
  A tentacled monstrosity (D)
  9 Orb Guardians (D)
  A yellow draconian (D)
  A ghost crab (D)
  A moth of wrath (D)
  A yaktaur (D)
  A swamp drake (D)
  4 ball lightnings (D)
28 creatures vanquished.

Grand Total: 567 creatures vanquished

Notes
Turn   | Place    | Note
-------+----------+-------------------------------------------
     0 | D        | potatolord6000 the Deep Dwarf Fighter began the quest for the Orb.
     0 | D        | Reached XP level 1. HP: 20/20 MP: 1/1
    27 | D        | Reached XP level 2. HP: 28/28 MP: 2/2
    49 | D        | Found a roughly hewn altar of Beogh.
    49 | D        | Found a snail-covered altar of Cheibriados.
    49 | D        | Found a shadowy altar of Dithmenos.
    49 | D        | Found a white marble altar of Elyvilon.
    49 | D        | Found a blossoming altar of Fedhas.
    49 | D        | Found an opulent altar of Gozag.
    50 | D        | Found a hazy altar of Hepliaklqana.
    51 | D        | Found a viscous altar of Jiyva.
    52 | D        | Found an ancient bone altar of Kikubaaqudgha.
    53 | D        | Found a corrupted altar of Lugonu.
    54 | D        | Found a burning altar of Makhleb.
    55 | D        | Found a sparkling altar of Nemelex Xobeh.
    56 | D        | Found an iron altar of Okawaru.
    57 | D        | Became a worshipper of Gozag Ym Sagoz the Greedy
    58 | D        | Found a stormy altar of Qazlal.
    59 | D        | Found a sacrificial altar of Ru.
    60 | D        | Found a deep blue altar of Sif Muna.
    61 | D        | Found a bloodstained altar of Trog.
    62 | D        | Found a hide-covered altar of Uskayaw.
    63 | D        | Found a radiant altar of Vehumet.
    64 | D        | Found an ornate altar of the Wu Jian Council.
    65 | D        | Found a shimmering altar of Xom.
    66 | D        | Found a basalt altar of Yredelemnul.
    67 | D        | Found a glowing silver altar of Zin.
    68 | D        | Found a glowing golden altar of the Shining One.
   128 | D        | Noticed an orc warrior
   128 | D        | Noticed an ogre
   128 | D        | Noticed an ogre
   132 | D        | Reached skill level 5 in Armour
   132 | D        | Reached skill level 5 in Shields
   132 | D        | Reached XP level 3. HP: 36/36 MP: 3/3
   141 | D        | HP: 1/36 [something (6)]
   151 | D        | Killed an unseen horror
   151 | D        | Reached XP level 4. HP: 38/51 MP: 4/4
   151 | D        | Reached XP level 5. HP: 42/57 MP: 5/5
   151 | D        | Reached XP level 6. HP: 49/66 MP: 6/6
   151 | D        | Reached XP level 7. HP: 54/72 MP: 7/7
   334 | D        | Noticed a kobold demonologist
   334 | D        | Noticed a two-headed ogre
   334 | D        | Noticed a two-headed ogre
   334 | D        | Noticed a death knight
   345 | D        | Killed a kobold demonologist
   345 | D        | Reached skill level 10 in Axes
   345 | D        | Reached skill level 10 in Armour
   345 | D        | Reached skill level 10 in Shields
   345 | D        | Reached XP level 8. HP: 81/82 MP: 8/8
   350 | D        | Killed a two-headed ogre
   354 | D        | Killed an unseen horror
   354 | D        | Reached skill level 10 in Fighting
   354 | D        | Gained mutation: You passively map the area around you. [Deep Dwarf growth]
   354 | D        | Reached XP level 9. HP: 79/93 MP: 9/9
   360 | D        | Killed a two-headed ogre
   373 | D        | Killed a death knight
   511 | D        | Noticed a komodo dragon
   521 | D        | Killed a komodo dragon
   525 | D        | Reached XP level 10. HP: 74/104 MP: 10/10
   526 | D        | Noticed a spiny frog
   559 | D        | Killed a spiny frog
   586 | D        | Bought a jewelled plate armour for 896 gold pieces
   586 | D        | Bought a translucent helmet for 304 gold pieces
   591 | D        | Identified the -3 helmet of the Present {rF+ MR+} (You bought it in a shop in the Dungeon)
   607 | D        | Identified the +1 plate armour of the Invisible Hand {rN+} (You bought it in a shop in the Dungeon)
   651 | D        | Noticed a spiny frog
   651 | D        | Noticed a four-headed hydra
   653 | D        | Killed a spiny frog
   658 | D        | Noticed a torpor snail
   666 | D        | Killed a 13-headed hydra
   685 | D        | Killed a torpor snail
   740 | D        | Noticed a lindwurm
   740 | D        | Noticed a lindwurm
   740 | D        | Noticed a lindwurm
   765 | D        | Killed a lindwurm
   766 | D        | Noticed a lindwurm
   771 | D        | Killed a lindwurm
   771 | D        | Reached XP level 11. HP: 56/115 MP: 10/10
   789 | D        | Killed a lindwurm
   806 | D        | Killed a lindwurm
   806 | D        | Reached skill level 15 in Shields
   839 | D        | Bought a smelly plate armour for 868 gold pieces
   839 | D        | Bought a pair of embroidered boots for 232 gold pieces
   854 | D        | Identified the cursed +0 plate armour of Ivveim {rF+ Regen+ SInv} (You bought it in a shop in the Dungeon)
   958 | D        | Noticed Sonja
   969 | D        | Killed Sonja
   969 | D        | Reached skill level 15 in Axes
   969 | D        | Reached skill level 15 in Armour
  1224 | D        | Bought a runed plate armour for 806 gold pieces
  1224 | D        | Bought a runed helmet for 232 gold pieces
  1374 | D        | Noticed an orc high priest
  1423 | D        | Killed an orc high priest
  1494 | D        | Bought a +2 shield of poison resistance for 203 gold pieces
  1505 | D        | Bought a +2 pair of boots of running for 456 gold pieces
  1540 | D        | Found Zaewa's Book Emporium.
  1540 | D        | Noticed an orc sorcerer
  1540 | D        | Noticed an orc sorcerer
  1540 | D        | Noticed an orc sorcerer
  1543 | D        | Killed an orc sorcerer
  1546 | D        | Killed an orc sorcerer
  1548 | D        | Killed an orc sorcerer
  1550 | D        | Found Dawiozuhi's Armour Shoppe.
  1558 | D        | Noticed an orc sorcerer
  1558 | D        | Found Wyxeh's Gadget Emporium.
  1559 | D        | Noticed an orc sorcerer
  1560 | D        | Found Yffebuj's Food Shoppe.
  1563 | D        | Killed an orc sorcerer
  1564 | D        | Noticed an orc sorcerer
  1566 | D        | Killed an orc sorcerer
  1567 | D        | Noticed an orc sorcerer
  1568 | D        | Noticed a sixfirhy
  1578 | D        | Killed an orc sorcerer
  1586 | D        | Killed an orc sorcerer
  1638 | D        | Bought a +1 pair of gloves of dexterity for 181 gold pieces
  1904 | D        | Gained mutation: You are partially covered in thin metallic scales. (AC +2) [potion of mutation]
  1904 | D        | Gained mutation: You are agile. (Dex +2) [potion of mutation]
  1904 | D        | Gained mutation: You occasionally shout uncontrollably at your foes. [potion of mutation]
  1904 | D        | Gained mutation: You have an increased reservoir of magic. (+10% MP) [potion of mutation]
  1913 | D        | Noticed a centaur warrior
  1913 | D        | Noticed a tengu warrior
  1913 | D        | Noticed a fire dragon
  1917 | D        | Killed a centaur warrior
  1918 | D        | Noticed a two-headed ogre
  1930 | D        | Killed a tengu warrior
  1930 | D        | Reached XP level 12. HP: 103/128 MP: 7/7
  1935 | D        | Killed a fire dragon
  1946 | D        | Noticed a vampire mage
  1952 | D        | Noticed a spark wasp
  1958 | D        | Killed a two-headed ogre
  1960 | D        | Noticed an ice dragon
  1972 | D        | Killed a vampire mage
  1979 | D        | Killed a spark wasp
  2004 | D        | Killed an ice dragon
  2039 | D        | Bought the +0 mask of the Dragon {MR+ Slay+3 SInv} for 1135 gold pieces
  2078 | D        | Noticed Rupert
  2092 | D        | Killed Rupert
  2092 | D        | Reached skill level 15 in Fighting
  2231 | D        | Noticed a merfolk impaler
  2231 | D        | Noticed a merfolk aquamancer
  2243 | D        | Killed a merfolk aquamancer
  2243 | D        | Reached XP level 13. HP: 136/140 MP: 7/7
  2245 | D        | Killed a merfolk impaler
  2365 | D        | Bought a +3 ring of protection for 252 gold pieces
  2375 | D        | Noticed an emperor scorpion
  2390 | D        | Killed an emperor scorpion
  2454 | D        | Bought the ring "Meakkall" {*Slow rC+++ Str+8 Int-3 Dex+5} for 1057 gold pieces
  2488 | D        | Noticed Donald
  2504 | D        | Killed Donald
  2548 | D        | Noticed Saint Roka
  2579 | D        | Killed Saint Roka
  2656 | D        | Noticed a green very ugly thing
  2656 | D        | Noticed a frost giant
  2656 | D        | Noticed a stone giant
  2665 | D        | Killed a green very ugly thing
  2687 | D        | Killed a frost giant
  2689 | D        | Noticed a fire dragon
  2692 | D        | Noticed a tengu reaver
  2692 | D        | Killed a stone giant
  2699 | D        | Noticed a tengu reaver
  2705 | D        | Gained mutation: You resist negative energy. (rN+) [Deep Dwarf growth]
  2705 | D        | Reached XP level 14. HP: 126/153 MP: 6/6
  2714 | D        | Noticed a stone giant
  2727 | D        | Killed a tengu reaver
  2740 | D        | Killed a tengu reaver
  2746 | D        | Killed a stone giant
  2840 | D        | Noticed a vault warden
  2842 | D        | Noticed an ironheart preserver
  2852 | D        | Killed a vault warden
  2884 | D        | Killed an ironheart preserver
  2895 | D        | Noticed a vault warden
  2916 | D        | Noticed an ironheart preserver
  2936 | D        | Killed a vault warden
  2941 | D        | Killed an ironheart preserver
  3028 | D        | Bought a scroll of enchant weapon for 112 gold pieces
  3079 | D        | Noticed Nikola
  3091 | D        | Killed Nikola
  3094 | D        | Noticed a tengu reaver
  3095 | D        | Noticed Sojobo
  3096 | D        | Noticed a tengu reaver
  3101 | D        | Killed a tengu reaver
  3136 | D        | Killed Sojobo
  3136 | D        | Reached XP level 15. HP: 47/166 MP: 7/7
  3144 | D        | Killed a tengu reaver
  3338 | D        | Noticed Mara
  3340 | D        | Noticed Frances
  3355 | D        | Noticed potatolord6000's illusion
  3361 | D        | Killed Mara
  3366 | D        | Killed Frances
  3401 | D        | Noticed Azrael
  3410 | D        | Noticed Nergalle
  3412 | D        | Killed Azrael
  3420 | D        | Killed Nergalle
  3465 | D        | Noticed Ilsuiw
  3483 | D        | Killed Ilsuiw
  3528 | D        | Got a barnacled rune of Zot
  3565 | D        | Noticed a ghost moth
  3626 | D        | Killed a ghost moth
  3663 | D        | Got a gossamer rune of Zot
  3758 | D        | Reached XP level 16. HP: 112/182 MP: 7/7
  3760 | D        | Got a decaying rune of Zot
  3787 | D        | Bought a scroll of enchant armour for 120 gold pieces
  3857 | D        | Got a serpentine rune of Zot
  3894 | D        | Noticed Xtahua
  3903 | D        | Killed Xtahua
  3930 | D        | Noticed Mennas
  3963 | D        | Killed Mennas
  4233 | D        | Bought a +5 ring of protection for 660 gold pieces
  4254 | D        | Noticed an ancient lich
  4283 | D        | Killed an ancient lich
  4283 | D        | Reached skill level 27 in Shields
  4283 | D        | Reached XP level 17. HP: 166/196 MP: 7/7
  4298 | D        | Reached skill level 27 in Axes
  4298 | D        | Reached skill level 27 in Armour
  4348 | D        | Noticed Lom Lobon
  4364 | D        | Noticed an Orb Guardian
  4366 | D        | Noticed Boris
  4385 | D        | Killed an Orb Guardian
  4393 | D        | Killed Boris
  4422 | D        | Killed Lom Lobon
  4422 | D        | Reached skill level 27 in Fighting
  4491 | D        | Noticed a tentacled monstrosity
  4491 | D        | Noticed an ancient lich
  4492 | D        | Noticed a quicksilver dragon
  4507 | D        | Killed a tentacled monstrosity
  4507 | D        | Reached skill level 5 in Throwing
  4507 | D        | Reached skill level 5 in Unarmed Combat
  4518 | D        | Killed an ancient lich
  4518 | D        | Reached skill level 10 in Stealth
  4518 | D        | Reached skill level 10 in Evocations
  4558 | D        | Killed a quicksilver dragon
  4584 | D        | Identified the Grimoire of the Destructive Glacier
  4587 | D        | Got a pair of jewelled gloves
  4588 | D        | Identified the cursed -4 pair of gloves "Trusted Companion" {Slay+2 Stlth+} (You found it in the Dungeon)
  4601 | D        | Got a silver rune of Zot
  4628 | D        | Noticed Jory
  4653 | D        | Killed Jory
  4733 | D        | Got the amulet of Qoatzy {Spirit Str+4}
  4736 | D        | Got the ring of the Median {rF- rC+ Dex+6}
  4739 | D        | Got the ring "Zonad" {rF+ MR+ MP+9}
  4742 | D        | Got the amulet of Ru's Righteous Anger {+Rage Dex+8}
  4745 | D        | Got the amulet "Uhumarau" {Gourm +Blink rF+ Int+8 Dex-3}
  4892 | D        | Noticed a lich
  4900 | D        | Killed a lich
  4904 | D        | Reached skill level 10 in Throwing
  4904 | D        | Reached skill level 10 in Unarmed Combat
  4922 | D        | Gained mutation: You passively map a large area around you. [Deep Dwarf growth]
  4922 | D        | Reached XP level 18. HP: 206/218 MP: 17/17
  4966 | D        | Noticed a golden dragon
  4966 | D        | Noticed a bone dragon
  4986 | D        | Killed a bone dragon
  4986 | D        | Reached skill level 15 in Stealth
  4986 | D        | Reached skill level 15 in Evocations
  4993 | D        | Killed a golden dragon
  5090 | D        | Bought a potion of agility for 60 gold pieces
  5090 | D        | Bought a potion of agility for 60 gold pieces
  5210 | D        | Noticed a tentacled monstrosity
  5224 | D        | Killed a tentacled monstrosity
  5260 | D        | Reached skill level 15 in Throwing
  5260 | D        | Reached skill level 15 in Unarmed Combat
  5285 | D        | Noticed a golden dragon
  5285 | D        | Noticed an electric golem
  5285 | D        | Noticed a tentacled monstrosity
  5287 | D        | Killed a golden dragon
  5289 | D        | Killed an electric golem
  5305 | D        | Killed a tentacled monstrosity
  5440 | D        | Noticed an Orb Guardian
  5440 | D        | Noticed an Orb Guardian
  5440 | D        | Noticed an Orb Guardian
  5440 | D        | Noticed an Orb Guardian
  5440 | D        | Noticed an Orb Guardian
  5440 | D        | Noticed an Orb Guardian
  5448 | D        | Killed an Orb Guardian
  5454 | D        | Killed an Orb Guardian
  5460 | D        | Killed an Orb Guardian
  5467 | D        | Killed an Orb Guardian
  5476 | D        | Killed an Orb Guardian
  5476 | D        | Reached XP level 19. HP: 208/226 MP: 20/20
  5604 | D        | Noticed an ancient lich
  5607 | D        | Noticed an orb of fire
  5610 | D        | Noticed an electric golem
  5614 | D        | Killed an electric golem
  5617 | D        | Noticed an orb of fire
  5617 | D        | Noticed an electric golem
  5617 | D        | Noticed a golden dragon
  5617 | D        | Noticed a golden dragon
  5624 | D        | Noticed an orb of fire
  5624 | D        | Killed a golden dragon
  5625 | D        | Killed an electric golem
  5633 | D        | Killed a golden dragon
  5634 | D        | Noticed an electric golem
  5635 | D        | Noticed a Killer Klown
  5640 | D        | Killed a golden dragon
  5641 | D        | Killed an electric golem
  5655 | D        | Noticed a curse toe
  5658 | D        | Noticed an electric golem
  5660 | D        | Noticed an electric golem
  5668 | D        | HP: 5/226 [electric golem/bolt of lightning (21)]
  5680 | D        | Killed an electric golem
  5717 | D        | Killed a curse toe
  5722 | D        | Killed an electric golem
  5759 | D        | Gained mutation: You sometimes yell uncontrollably at your foes. [an orb of fire]
  5788 | D        | Gained mutation: You tend to lose your temper in combat. [an orb of fire]
  5792 | D        | Killed an orb of fire
  5797 | D        | Gained mutation: You expend magic power (3 MP) to strengthen your wands. [an orb of fire]
  5811 | D        | Gained mutation: Your body sometimes deteriorates upon taking damage. [an orb of fire]
  5824 | D        | Gained mutation: You are weak. (Str -2) [an orb of fire]
  5832 | D        | Killed an orb of fire
  5851 | D        | Lost mutation: You have an increased reservoir of magic. (+10% MP) [an orb of fire]
  5853 | D        | Killed an orb of fire
  5893 | D        | Got the Orb of Zot
  5982 | D        | Noticed an ancient lich
  6000 | D        | Killed an ancient lich
  6146 | D        | Reached skill level 27 in Stealth
  6146 | D        | Reached skill level 27 in Evocations
  6183 | D        | Got an elven rune of Zot
  6196 | D        | Noticed Gojasm the pandemonium lord
  6223 | D        | Killed Gojasm the pandemonium lord
  6223 | D        | Reached XP level 20. HP: 193/236 MP: 8/8
  6266 | D        | Noticed the Royal Jelly
  6282 | D        | Paralysed by a floating eye for 4 turns
  6314 | D        | Killed the Royal Jelly
  6325 | D        | Paralysed by a floating eye for 2 turns
  6334 | D        | Paralysed by a floating eye for 3 turns
  6353 | D        | Paralysed by a floating eye for 2 turns
  6370 | D        | Got a slimy rune of Zot
  6651 | D        | Reached skill level 27 in Unarmed Combat
  6654 | D        | Reached skill level 27 in Throwing
  6654 | D        | Reached skill level 1 in Dodging
  6679 | D        | Noticed a greater mummy
  6682 | D        | Reached skill level 1 in Spellcasting
  6685 | D        | Noticed a greater mummy
  6699 | D        | Killed a greater mummy
  6699 | D        | Reached skill level 5 in Spellcasting
  6723 | D        | Killed a greater mummy
  6723 | D        | Reached skill level 10 in Dodging
  6771 | D        | Noticed a greater mummy
  6771 | D        | Noticed a greater mummy
  6771 | D        | Noticed a greater mummy
  6771 | D        | Noticed a greater mummy
  6781 | D        | Killed a greater mummy
  6791 | D        | Killed a greater mummy
  6791 | D        | Reached skill level 10 in Spellcasting
  6791 | D        | Reached XP level 21. HP: 111/241 MP: 4/4
  6803 | D        | Killed a greater mummy
  6803 | D        | Reached skill level 15 in Dodging
  6825 | D        | Killed a greater mummy
  6858 | D        | Got a golden rune of Zot
  6933 | D        | Got an abyssal rune of Zot
  6957 | D        | Noticed Hefues the pandemonium lord
  6977 | D        | Killed Hefues the pandemonium lord
  7033 | D        | Reached skill level 15 in Spellcasting
  7293 | D        | Noticed Geryon
  7312 | D        | Killed Geryon
  7319 | D        | Noticed Gloorx Vloq
  7319 | D        | Noticed Mnoleg
  7321 | D        | Noticed Antaeus
  7325 | D        | Noticed Dispater
  7403 | D        | Killed Antaeus
  7418 | D        | Killed Mnoleg
  7436 | D        | Killed Gloorx Vloq
  7472 | D        | Killed Dispater
  7482 | D        | Got a glowing rune of Zot
  7486 | D        | Got a dark rune of Zot
  7498 | D        | Noticed Ereshkigal
  7565 | D        | Killed Ereshkigal
  7594 | D        | Got an icy rune of Zot
  7605 | D        | Got an iron rune of Zot
  7607 | D        | Noticed Cerebov
  7610 | D        | Noticed Asmodeus
  7640 | D        | HP: 5/244 [balrug/divine providence[Asmodeus] (9)]
  7644 | D        | Killed from afar by a Brimstone Fiend

Vault maps used:
D:        linesprint

Skill      XL: |  1  2  3  4  5  6  7  8  9 10 11 12 13 14 15 16 17 18 19 20 21 |
---------------+----------------------------------------------------------------+-----
Fighting       | 3 4 7 8 10 11 12 14 15 17 19 21 23 27 | 27.0
Axes           | 3 4 8 10 11 12 14 16 18 20 22 24 26 27 | 27.0
Armour         | 4 5 9 10 11 12 14 16 18 20 22 24 26 27 | 27.0
Shields        | 4 5 9 10 11 13 14 16 18 20 22 24 27 | 27.0
Throwing       | 10 16 23 27 | 27.0
Stealth        | 14 22 27 | 27.0
Unarmed Combat | 10 16 23 27 | 27.0
Evocations     | 14 22 27 | 27.0
Dodging        | 13 26 | 26.7
Spellcasting   | 10 21 | 21.7

Action                   |  1- 3 |  4- 6 |  7- 9 | 10-12 | 13-15 | 16-18 | 19-21 || total
-------------------------+-------+-------+-------+-------+-------+-------+-------++-------
Melee: War axe           |    52 |       |    68 |   415 |   620 |   774 |   907 ||  2836
Invok: Call Merchant     |       |       |       |     4 |     5 |     6 |     2 ||    17
       Potion Petition   |       |       |       |       |       |       |    24 ||    24
       Bribe Branch      |       |       |       |       |       |       |     1 ||     1
 Abil: Heal Wounds       |       |       |     2 |    24 |    21 |    30 |   119 ||   196
  Use: Potion            |     3 |       |     1 |     9 |       |     3 |    14 ||    30
       Scroll            |       |       |     2 |     3 |     6 |     6 |     1 ||    18
 Stab: Distracted        |       |       |       |     1 |    14 |    26 |    23 ||    64
       Confused          |       |       |       |       |     1 |       |       ||     1
       Sleeping          |       |       |       |       |       |     4 |     2 ||     6
       Invisible         |       |       |       |       |       |       |     4 ||     4
  Eat: Meat ration       |       |       |       |     1 |     2 |     1 |     3 ||     7
Armor: Scale mail        |    49 |       |     1 |       |       |       |       ||    50
       Plate armour      |       |       |    11 |    94 |   138 |    93 |   128 ||   464
Dodge: Dodged            |    16 |       |     9 |    35 |    44 |    28 |   124 ||   256
Block: Shield            |    34 |       |    23 |   179 |       |       |       ||   236
       Large shield      |       |       |       |   105 |   591 |   616 |   795 ||  2107
       Reflection        |       |       |       |    14 |    15 |    11 |    21 ||    61
